 Dungeon Crawl Stone Soup version 0.27.1-1-g398f81649c (webtiles) character file.

Game seed: 12869384676049260580

15178 ZARRMARR the Covert (level 12, -6/135 HPs)
             Began as an Octopode Conjurer on Sept 6, 2021.
             Was a Follower of Ashenzari.
             Mangled by a death yak (18 damage)
             ... in an ice cave.
             The game lasted 01:30:34 (15132 turns).

ZARRMARR the Covert (Octopode Conjurer)            Turns: 15132, Time: 01:30:35

Health: -6/135     AC: 32    Str:  6    XL:     12   Next: 24%
Magic:  12/26      EV:  2    Int: 25    God:    Ashenzari [*.....]
Gold:   1366       SH:  0    Dex: 11    Spells: 22/32 levels left

rFire    . . .     SeeInvis .   E - +7 long sword (freeze)
rCold    . . .     Faith    .   u - +3 buckler
rNeg     + + +     Spirit   .   (helmet currently unavailable)
rPois    +         Reflect  +   l - amulet of reflection
rElec    .         Harm     .   d - ring "Gaze Upon Infinity" {rCorr, Comp, Self} (curse)
rCorr    +         Rampage  .   n - ring of Panopticon {Wiz, Melee, Self} (curse)
Will     .....     NoTele   +   D - ring "Shame of Ashenzari" {Wiz, Cun, Range} (curse)
Stlth    ++........             (no ring)
HPRegen  0.32/turn              (no ring)
MPRegen  0.20/turn              (no ring)
                                (no ring)
                                (no ring)

@: confused, ice-armoured (expiring), tree-form (expiring), ambrosia-drunk
A: stationary, stasis, torment immunity, boosted hp, almost no armour,
(amphibious), 8 rings, (camouflage 1), (gelatinous body 1), (nimble swimmer 1),
(tentacles)
a: Renounce Religion, Shatter the Chains


You were in an ice cave.
You worshipped Ashenzari.
Ashenzari was aware of your devotion.
You were a tree.
You visited 3 branches of the dungeon, and saw 12 of its levels.
You also visited: Ossuary and Ice Cave.

You collected 1366 gold pieces.

Inventory:

Hand Weapons
 E - a +7 long sword of freezing (weapon)
Missiles
 z - a throwing net
Armour
 u - a +3 buckler (worn)
Jewellery
 d - the cursed ring "Gaze Upon Infinity" (left branch) {rCorr, Comp, Self}
   (You found it on level 2 of the Dungeon)

   [ring of resist corrosion]

   rCorr:     It protects you from acid and corrosion.
   It has a curse which improves the following skills: Companions: Summonings
   and Necromancy.
   Introspection: Fighting and Spellcasting.
 l - an amulet of reflection (around neck)
 n - the cursed ring of Panopticon (right branch) {Wiz, Melee, Self}
   (You found it on level 4 of the Dungeon)

   [ring of wizardry]

   It improves your spell success rate.
   It has a curse which improves the following skills: Melee Combat: Short
   Blades, Long Blades, Axes, Maces & Flails, Polearms, Staves and Unarmed
   Combat.
   Introspection: Fighting and Spellcasting.
 y - a ring of flight
 D - the cursed ring "Shame of Ashenzari" (on tentacle) {Wiz, Cun, Range}
   (You found it on level 9 of the Dungeon)

   [ring of wizardry]

   It improves your spell success rate.
   It has a curse which improves the following skills: Cunning: Dodging and
   Stealth.
   Ranged Combat: Slings, Bows, Crossbows and Throwing.
Wands
 i - a wand of iceblast (7)
 t - a wand of polymorph (20)
 x - a wand of flame (27)
 C - a wand of charming (10)
 F - a wand of digging (5)
Scrolls
 e - 2 scrolls of silence
 h - 2 scrolls of teleportation
 j - 3 scrolls of enchant weapon
 k - 4 scrolls of magic mapping
 o - 2 scrolls of immolation
 r - a scroll of holy word
Potions
 b - 2 potions of might
 g - 3 potions of flight
 p - a potion of resistance
 q - 6 potions of curing
 s - 3 potions of haste
 v - a potion of mutation
 w - 2 potions of brilliance
 B - a potion of lignification


   Skills:
 + Level 9.8(11.3) Fighting
 + Level 10.0(10.9) Dodging
 + Level 13.6(14.4) Stealth
 - Level 5.3 Shields
 + Level 9.3(10.8) Spellcasting
 - Level 4.0 Conjurations
 + Level 2.1 Earth Magic


You had 22 spell levels left.
You knew the following spells:

 Your Spells              Type           Power      Damage    Failure   Level
a - Magic Dart            Conj           100%       1d8       1%          1
b - Searing Ray           Conj           66%        3d5       1%          2
c - Foxfire               Conj/Fire      92%        2x1d8     1%          1
d - Ozocubu's Armour      Ice            13%        N/A       4%          3
e - Stone Arrow           Conj/Erth      56%        3d10      1%          3

Your spell library contained the following spells:

 Spells                   Type           Power      Damage    Failure   Level
 Conjure Flame            Conj/Fire      23%        6-21      1%          3
 Dazzling Flash           Conj/Hex       46%        N/A       1%          3
 Gell's Gravitas          Tloc           6%         N/A       4%          3
 Inner Flame              Hex/Fire       13%        N/A       4%          3
 Lesser Beckoning         Tloc           6%         N/A       4%          3
 Teleport Other           Tloc           13%        N/A       4%          3
 Fulminant Prism          Conj/Hex       11%        3d9       5%          4
 Iskenderun's Mystic Bla  Conj/Tloc      23%        2d6       5%          4
 Bolt of Magma            Conj/Fire/Erth 11%        4d7       14%         5
 Metabolic Englaciation   Hex/Ice        6%         N/A       30%         5
 Simulacrum               Ice/Necr       6%         N/A       82%         6
 Shatter                  Erth           12%        3d13*     100%        9


Dungeon Overview and Level Annotations

Branches:
Dungeon (10/15)            Temple (1/1) D:4            Lair (1/6) D:9
Ossuary (visited)           IceCv (1/1)
    Orc: D:9-12

Altars:
Ashenzari
Cheibriados
Dithmenos
Elyvilon
Fedhas
Gozag
Hepliaklqana
Kikubaaqudgha
Makhleb
Nemelex Xobeh
Okawaru
Qazlal
Ru
Sif Muna
Trog
Uskayaw
Vehumet
Wu Jian
Xom
Yredelemnul
Zin
The Shining One

Shops:
D:7 (


Innate Abilities, Weirdness & Mutations

You are a tree.
Your roots penetrate the ground, keeping you stationary.
You cannot be teleported.
You are immune to unholy pain and torment.
Your maximum health is greatly increased.
You cannot wear most types of armour.
((You are amphibious.))
You can wear up to eight rings at the same time.
((Your skin changes colour to match your surroundings (Stealth+).))
((Your rubbery body absorbs attacks. (AC +1, EV +1)))
((You are camouflaged near water. (Stealth+)))
((You have tentacles for arms and can constrict up to eight enemies at once.))


Message History

Your transformation is almost over.
The death yak gores you!
The death yak gores you but does no damage.
You block the yak's attack.
As you read the scroll of torment, it crumbles to dust.
You feel a surge of unholy energy.
The yak convulses!
The death yak convulses! x2
You block the death yak's attack. x2; The yak gores you but does no damage.
Casting: Stone Arrow (safe; 1% risk of failure)
Confirm with . or Enter, or press ? or * to list all spells.
Aiming: Stone Arrow (safe; 1% risk of failure)
Press: ? - help, Shift-Dir - straight line, f/p - death yak
Aim: a death yak (severely wounded, 90% to hit)
The stone arrow hits the death yak!
The death yak is severely wounded.
The death yak barely misses you. The death yak gores you!
* * * LOW HITPOINT WARNING * * *
The yak gores you but does no damage.
Unknown command.
Unknown command.
You slash the death yak! You freeze the death yak.
The death yak is almost dead.
The death yak gores you!
* * * LOW HITPOINT WARNING * * *
The death yak gores you!
* * * LOW HITPOINT WARNING * * *
The yak gores you but does no damage.
The death yak gores you but does no damage.
You block the death yak's attack. The yak gores you.
* * * LOW HITPOINT WARNING * * *
You are confused.
You feel invigorated. The death yak barely misses you.
The death yak gores you but does no damage.
The yak gores you.
* * * LOW HITPOINT WARNING * * *
Unknown command.
You cannot move. (Use ctrl+direction or * direction to attack without moving.)
You swing at nothing.
Your icy armour starts to melt.
The death yak gores you!!
You die...

. #### ..
######..## ...#
##..##....## .....
##.....†....#
......#......†∩.∩.#
#†Y♣.##..†....#
##YY#####....##
#### ##..## ####


You could see 2 death yaks and a yak.

Vanquished Creatures
  A kobold demonologist (D:9)
  A rime drake (IceCv)
  2 polar bears (IceCv)
  Grinder (D:4)
  4 yaks
  3 wyverns
  Eustachio (D:4)
  An acid dragon (D:9)
  3 water moccasins
  An orc warrior (D:9)
  4 black bears
  3 ice beasts
  A necrophage (D:8)
  A sky beast (D:5)
  3 ogres
  4 wolves (IceCv)
  3 centaurs
  4 kobold brigands
  Blork the orc (D:4)
  A bullfrog (D:8)
  A wyvern zombie (Ossuary)
  A gnoll sergeant (D:7)
  3 water moccasin zombies (Ossuary)
  5 killer bees (D:9)
  2 howler monkeys (D:8)
  33 wights
  3 electric eels (D:7)
  8 bullfrog zombies (Ossuary)
  7 centaur zombies
  3 hounds
  4 orc priests
  A gnoll shaman (D:6)
  A bullfrog skeleton (D:6)
  An iguana (D:6)
  12 mummies (Ossuary)
  4 orc wizards
  A polar bear simulacrum (Lair:1)
  A killer bee zombie (Ossuary)
  4 howler monkey zombies
  17 gnolls
  3 adders
  2 white imps
  An ufetubus (D:5)
  An adder skeleton (D:4)
  A worm (D:5)
  21 orcs
  7 ball pythons
  4 endoplasms
  7 giant cockroaches
  6 goblins
  5 hobgoblins
  5 jackals (D:2)
  2 quokkas
  3 bats
  5 frilled lizards
  A goblin skeleton (D:9)
  27 kobolds
  8 rats
264 creatures vanquished.

Vanquished Creatures (collateral kills)
  3 foxfires (D:7)
3 creatures vanquished.

Vanquished Creatures (others)
  A kobold brigand (D:8)
  195 foxfires
  30 plants (D:7)
  4 withered plants (Ossuary)
230 creatures vanquished.

Grand Total: 497 creatures vanquished

Notes
Turn   | Place    | Note
-------+----------+-------------------------------------------
     0 | D:1      | ZARRMARR the Octopode Conjurer began the quest for the Orb.
     0 | D:1      | Reached XP level 1. HP: 11/11 MP: 3/3
   474 | D:1      | Reached skill level 3 in Stealth
   630 | D:1      | Reached XP level 2. HP: 18/18 MP: 1/5
  1466 | D:2      | Learned a level 2 spell: Searing Ray
  1496 | D:2      | Reached skill level 1 in Fighting
  1583 | D:2      | Reached XP level 3. HP: 23/23 MP: 4/6
  2152 | D:2      | Found a faded altar of an unknown god.
  2587 | D:3      | Reached XP level 4. HP: 28/28 MP: 0/7
  2866 | D:3      | Found an ornate altar of the Wu Jian Council.
  2887 | D:3      | Reached skill level 4 in Stealth
  3616 | D:4      | Found an iron altar of Okawaru.
  3637 | D:4      | Noticed Blork the orc
  3756 | D:4      | Noticed Eustachio
  3829 | D:4      | Found a staircase to the Ecumenical Temple.
  3841 | Temple   | Entered the Ecumenical Temple
  3972 | Temple   | Became a worshipper of Ashenzari the Shackled
  4075 | D:4      | Reached XP level 5. HP: 34/34 MP: 3/9
  4186 | D:4      | Noticed Grinder
  4237 | D:5      | Entered Level 5 of the Dungeon
  4334 | D:5      | Noticed a sky beast
  4336 | D:5      | Killed a sky beast
  4337 | D:5      | Reached skill level 5 in Stealth
  4337 | D:5      | Reached XP level 6. HP: 34/41 MP: 1/10
  4358 | D:5      | Found a sand-covered staircase.
  4433 | Ossuary  | Entered an ossuary
  4436 | Ossuary  | Learned a level 1 spell: Foxfire
  4571 | Ossuary  | Reached XP level 7. HP: 46/46 MP: 1/12
  4630 | Ossuary  | Reached skill level 6 in Stealth
  4874 | Ossuary  | Reached XP level 8. HP: 24/54 MP: 0/14
  5219 | Ossuary  | Reached skill level 7 in Stealth
  5273 | Ossuary  | Reached skill level 5 in Dodging
  5916 | D:5      | Reached skill level 5 in Spellcasting
  6368 | D:5      | Reached skill level 5 in Fighting
  6608 | D:6      | Reached skill level 8 in Stealth
  6773 | D:6      | Found a sacrificial altar of Ru.
  6810 | D:6      | Reached XP level 9. HP: 48/62 MP: 8/17
  7008 | D:6      | Reached skill level 1 in Shields
  7372 | D:6      | Reached skill level 9 in Stealth
  7634 | D:6      | Found an ancient bone altar of Kikubaaqudgha.
  7651 | D:6      | Reached skill level 11 in Stealth
  7651 | D:6      | Reached skill level 5 in Shields
  7651 | D:6      | Reached XP level 10. HP: 73/73 MP: 18/22
  7652 | D:6      | Reached skill level 12 in Stealth
  7652 | D:6      | Reached XP level 11. HP: 80/80 MP: 18/24
  9061 | D:7      | Identified the +3 arbalest "Cuicka" {freeze, rC+ Str+3
                  | Int+2}
  9369 | D:7      | Found Ucyihuuc's Antique Weapon Emporium.
  9508 | D:7      | Reached skill level 13 in Stealth
  9998 | D:7      | Found Ucyihuuc's Antique Weapon Emporium.
 10662 | D:8      | Identified the +0 leather armour "Kefaimei" {rElec rN+}
 11197 | D:8      | Found a hazy altar of Hepliaklqana.
 11412 | D:8      | Identified the +1 helmet "Hinuos" {rElec rCorr Int-5 SInv}
 11578 | D:8      | Found a shimmering blue altar of Sif Muna.
 11839 | D:9      | Found a staircase to the Lair.
 12163 | D:9      | Identified a scroll of acquirement
 12178 | D:9      | Noticed a sun demon
 12317 | D:9      | Reached * piety under Ashenzari
 12318 | D:9      | Acquired 813 gold pieces
 12324 | D:9      | Learned a level 3 spell: Ozocubu's Armour
 12717 | D:9      | Reached XP level 12. HP: 90/90 MP: 17/26
 12821 | D:9      | Found a runed translucent door.
 12822 | D:9      | Found a basalt altar of Yredelemnul.
 13165 | D:10     | Entered Level 10 of the Dungeon
 13223 | D:10     | Reached skill level 1 in Earth Magic
 13368 | D:10     | Found a bloodstained altar of Trog.
 13368 | D:10     | Found a sparkling altar of Nemelex Xobeh.
 13379 | D:10     | Noticed a two-headed ogre
 13519 | D:9      | Learned a level 3 spell: Stone Arrow
 13659 | D:4      | Killed Grinder
 13829 | D:4      | Killed Blork the orc
 14125 | D:4      | Killed Eustachio
 14350 | D:4      | Found a staircase to the Ecumenical Temple.
 14445 | D:4      | Found an iron altar of Okawaru.
 14946 | Lair:1   | Entered Level 1 of the Lair of Beasts
 14950 | Lair:1   | Found a frozen archway.
 14961 | IceCv    | Entered an ice cave
 14975 | IceCv    | Reached skill level 10 in Dodging
 15105 | IceCv    | Noticed a death yak
 15107 | IceCv    | Noticed a death yak
 15130 | IceCv    | HP: 6/135 [yak (3)]
 15132 | IceCv    | Mangled by a death yak

Illustrated notes

Levels and vault maps discovered:
D:1:      lightli_arrival_quake, layout_basic
D:2:      layout_rooms, hellmonk_ecumenical_altar_prayer_group,
          minmay_tetromino_t4
D:3:      layout_basic, mainiacjoe_overflow_concentric_impassable
D:4:      layout_basic, mainiacjoe_overflow_small_starburst,
          minmay_temple_entry_grid, st_stairs_5, uniq_grinder,
          uniq_blork_the_orc, uniq_eustachio
D:5:      layout_loops_ring, lightli_ossuary_entry_decrepit_ruins
D:6:      layout_basic, kiku_gazebo_pond_becter, nicolae_ru_awakened_eye,
          minmay_misc_feat_ornament, dk_vineyard_1, hangedman_decor_lopped,
          grunt_decor_resistance
D:7:      layout_loops_ring, serial_shops, nicolae_shop_window_shopping,
          serial_bayou_lake_a
D:8:      layout_gridville, worldfamousw_hep_ancestral_shrine,
          nicolae_overflow_hidden_temple
D:9:      layout_basic, dk_yredelemnul_ordeal, lair_entry_dummy
D:10:     layout_cross, jmf_multi_god_temple
Temple:   dshaligram_water_room_temple
Lair:1:   layout_hall_layers, portal_ice_cave_entry_ice_simulacra,
          minmay_lair_oklob_chamber, infiniplex_staircase_pool
IceCv:    ice_cave_small_giant

Skill      XL: |  1  2  3  4  5  6  7  8  9 10 11 12 |
---------------+-------------------------------------+-----
Stealth        | 3 4 5 6 8 11 12 13 | 13.6
Fighting       | 1 2 3 4 5 7 9 |  9.8
Dodging        | 3 4 5 8 9 10 | 10.0
Spellcasting   | 3 4 5 7 8 9 |  9.3
Shields        | 5 |  5.3
Earth Magic    | 2 |  2.1
Conjurations   | |  4.0

Action                   |  1- 3 |  4- 6 |  7- 9 | 10-12 || total
-------------------------+-------+-------+-------+-------++-------
Melee: Unarmed           |     9 |       |       |       ||     9
       Constrict         |     1 |     7 |    13 |     2 ||    23
       Tentacles         |     1 |     4 |    14 |     1 ||    20
       Short sword       |     4 |    32 |    62 |       ||    98
       Long sword        |       |       |       |    21 ||    21
 Cast: Magic Dart        |    62 |    35 |    29 |   103 ||   229
       Searing Ray       |     6 |    12 |    48 |    82 ||   148
       Foxfire           |       |     5 |    47 |    58 ||   110
       Stone Arrow       |       |       |       |    31 ||    31
       Ozocubu's Armour  |       |       |       |     8 ||     8
Invok: Curse Item        |       |       |     1 |     2 ||     3
Evoke: Wand              |       |     2 |       |     3 ||     5
  Use: Scroll            |     1 |       |     1 |     8 ||    10
       Potion            |       |       |     5 |     5 ||    10
 Stab: Distracted        |       |       |     1 |       ||     1
Armor: Skin              |       |     5 |     4 |    20 ||    29
Dodge: Dodged            |     6 |    30 |    70 |    56 ||   162
Block: Other             |       |     6 |    27 |       ||    33
       Reflection        |       |       |     1 |    18 ||    19
       Buckler           |       |       |     2 |    81 ||    83
       Rpst.: Scimitar   |       |       |       |     1 ||     1
       Long sword        |       |       |       |     7 ||     7
